 Dungeon Crawl Stone Soup version 0.28-a0-537-g3bccd9ccbf (webtiles) character file.

Game seed: 14696321318248011620

2673 SkeletonJelly the Grappler (level 9, -2/64 (74) HPs)
             Began as a Troll Hedge Wizard on Sept 27, 2021.
             Slain by a wyvern (11 damage)
             ... on level 7 of the Dungeon.
             The game lasted 00:19:07 (6405 turns).

SkeletonJelly the Grappler (Troll Hedge Wizard)     Turns: 6405, Time: 00:19:08

HP:   -2/64 (74)    AC:  7    Str: 20    XL:     9   Next: 37%
MP:   0/29          EV:  9    Int: 13    God:
Gold: 604           SH:  0    Dex:  9    Spells: 5/12 levels left

rFire   . . .      SeeInvis .     - Unarmed
rCold   + . .      Faith    .   (no shield)
rNeg    . . .      Spirit   +   d - +1 robe "Saluclai" {*Corrode rElec rPois MP+9}
rPois   +          Reflect  .   o - +1 hat
rElec   +          Harm     .   h - +0 cloak
rCorr   .          Rampage  .   (gloves unavailable)
Will    .....                   (boots unavailable)
Stlth   +.........              e - amulet of guardian spirit
HPRegen 1.20/turn               j - ring of protection from cold
MPRegen 0.21/turn               p - ring of magical power

@: about to teleport, heavily drained
A: large, unfitting armour, claws 3, regeneration 1, shaggy fur 1, tough skin 1
a: no special abilities


You were on level 7 of the Dungeon.
You visited 1 branch of the dungeon, and saw 7 of its levels.
You also visited: Ossuary.

You collected 604 gold pieces.

Inventory:

Hand Weapons
 a - a +1 dagger
Missiles
 i - 47 poisoned darts
 v - 3 throwing nets
Armour
 b - a +0 robe
 c - a +0 hat
 d - the +1 robe "Saluclai" (worn) {*Corrode rElec rPois MP+9}
   (You found it on level 4 of the Dungeon)

   rElec:     It insulates you from electricity.
   rPois:     It protects you from poison.
   MP:        It affects your magic capacity (+9).
   *Corrode:  It may corrode you when you take damage.
 h - a +0 cloak (worn)
 o - a +1 hat (worn)
 C - a +0 robe of fire resistance
Jewellery
 e - an amulet of guardian spirit (around neck)
 j - a ring of protection from cold (left claw)
 l - an amulet of faith
 n - a ring of protection from cold
 p - a ring of magical power (right claw)
 u - a ring of fire
 A - a ring of protection from cold
Wands
 B - a wand of iceblast (14)
 D - a wand of digging (5)
 E - a wand of charming (9)
 F - a wand of flame (13)
Scrolls
 k - 2 scrolls of enchant armour {unknown}
 m - a scroll of immolation {unknown}
 r - a scroll of enchant weapon
 s - 8 scrolls of identify
 w - 3 scrolls of teleportation
 y - a scroll of vulnerability
Potions
 f - 5 potions of curing {unknown}
 g - a potion of haste {unknown}
 q - a potion of might {unknown}
 t - a potion of flight {unknown}
 x - a potion of mutation {unknown}
 z - 2 potions of lignification


   Skills:
 - Level 1.5 Dodging
 - Level 1.0 Stealth
 - Level 8.0 Unarmed Combat
 - Level 2.0 Spellcasting
 + Level 4.3 Conjurations
 - Level 0.6 Summonings
 - Level 0.6 Translocations
 + Level 3.7 Air Magic
 + Level 4.1 Poison Magic
 + Level 0.8 Evocations


You had 5 spell levels left.
You knew the following spells:

 Your Spells              Type           Power      Damage    Failure   Level
a - Magic Dart            Conj           48%        1d5       4%          1
m - Mephitic Cloud        Conj/Pois/Air  11%        N/A       14%         3
q - Conjure Flame         Conj/Fire      6%         6-21      30%         3

Your spell library contained the following spells:

 Spells                   Type           Power      Damage    Failure   Level
 Blink                    Tloc           N/A        N/A       30%         2
 Call Imp                 Summ           2%         N/A       30%         2
 Slow                     Hex            1%         N/A       36%         2
 Portal Projectile        Hex/Tloc       4%         N/A       56%         3
 Blade Hands              Tmut           0%         N/A       100%        5
 Excruciating Wounds      Necr           0%         N/A       100%        5


Dungeon Overview and Level Annotations

Branches:
Dungeon (7/15)            Ossuary (visited)
 Temple: D:4-7

Altars:
Okawaru
Qazlal
Wu Jian


Innate Abilities, Weirdness & Mutations

You are too large for most types of armour.
You have claws for hands.
Your natural rate of healing is unusually fast.
You are covered in fur. (AC +1)
You have tough skin. (AC +1)


Message History

The orc is engulfed in noxious fumes.
The orc appears confused.
The orc priest is engulfed in noxious fumes.
The orc priest appears confused.
The orc priest barely misses the orc wizard.
The orc priest hits itself with a +0 whip.
A wyvern comes into view.
The orc barely misses the orc wizard.
The orc priest calls down the wrath of Beogh upon you.
Beogh smites you!
You take 8 damage, and have 56/64 hp.
You now have 23/29 mp.
You closely miss the orc.
The orc wizard is engulfed in noxious fumes.
The orc wizard appears confused.
The orc priest is engulfed in noxious fumes.
The orc priest appears confused.
You regained 2 hp, and now have 58/64 hp.
You claw the orc wizard!
You kill the orc wizard!
The orc hits you but does no damage.
The orc is engulfed in noxious fumes.
The orc appears confused.
The orc priest shouts, "What's happening?!"
You mangle the orc wizard!!
You kill the orc wizard!
The orc hits you with a +0 whip.
The orc is engulfed in noxious fumes.
The orc appears confused.
You now have 23/29 mp.
You scratch the orc priest.
You claw the orc priest, but do no damage.
The orc priest is moderately wounded.
The orc hits you but does no damage.
The orc closely misses the wyvern.
The orc priest hits you but does no damage.
The wyvern barely misses you.
You scratch the orc priest.
The orc priest is moderately wounded.
The wyvern closely misses you. The orc hits you with a +0 whip.
The orc hits the wyvern with a +0 short sword.
Something hits you but does no damage.
You take 1 damage, and have 60/64 hp.
You now have 22/29 mp.
You closely miss the orc priest.
The orc priest is moderately wounded.
The orc hits you but does no damage.
The orc priest invokes the aid of Beogh against you.
Pain shoots through your body!
The orc priest barely misses the orc.
The wyvern barely misses you.
You take 4 damage, and have 56/64 hp.
You now have 21/29 mp.
You scratch the orc priest.
The orc priest is moderately wounded.
The orc hits you but does no damage. The wyvern bites you!
Something hits you but does no damage.
The orc priest hits you with a +0 short sword.
The orc hits you but does no damage.
You take 14 damage, and have 42/64 hp.
MASSIVE DAMAGE!!
You now have 16/29 mp.
You closely miss the orc priest.
The orc priest is moderately wounded.
The wyvern bites you. The orc barely misses you.
The orc hits the wyvern with a +0 short sword.
The orc barely misses itself.
You hear some strange, mumbled words.
Something tries to affect you, but you resist.
The orc priest hits you but does no damage.
The orc hits you but does no damage.
The orc priest misses something.
The wyvern bites you.
You take 3 damage, and have 39/64 hp.
You now have 14/29 mp.
You barely miss the orc priest.
The orc priest is moderately wounded.
The orc hits you but does no damage. The wyvern bites you.
The orc priest mumbles some strange prayers to Beogh against you.
Pain shoots through your body!
You take 1 damage, and have 38/64 hp.
You barely miss the orc priest.
The orc priest is moderately wounded.
The wyvern bites you! The orc barely misses you.
The orc hits you with a +0 dagger.
The orc priest hits you but does no damage.
You take 6 damage, and have 32/64 hp.
You now have 11/29 mp.
You are too injured to fight recklessly!
You are too injured to fight recklessly!
The orc hits you but does no damage.
The wyvern bites you but does no damage.
The wyvern bites you.
The orc priest calls down the wrath of Beogh upon you.
Beogh smites you!
You take 11 damage, and have 23/64 hp.
You now have 7/29 mp.
The orc priest hits the orc with a +0 whip.
You regained 2 hp, and now have 25/64 hp.
The wyvern bites you!
* * * LOW HITPOINT WARNING * * *
You see here a wand of polymorph (7).
You take 6 damage, and have 19/64 hp.
You now have 5/29 mp.
The orc priest mumbles some strange prayers to Beogh against you.
Beogh smites you!
* * * LOW HITPOINT WARNING * * *
The orc priest hits the orc priest with a +0 whip.
You take 9 damage, and have 10/64 hp.
You now have 3/29 mp.
As you read the scroll of teleportation, it crumbles to dust.
You feel strangely unstable. The wyvern barely misses you.
The orc hits you but does no damage. Something hits you.
* * * LOW HITPOINT WARNING * * *
The wyvern bites you!
You die...

##..# # ### #...#
.####..##
####...##.#......# ##
#.......!...)...#
#..#.......###.....#
...................#
.............o..########
......o...o.l@..##.....##
............o...........#
..........##..#........##
.......##.#..#####.....#
...(... .###..###......#
......... ........>####
...o..... ...........##
#................##...#
........)##


You could see a wyvern, 2 orc priests and 2 orcs.

Vanquished Creatures
  A shadow (D:6)
  Edmund (D:6)
  Duvessa (D:6)
  2 ogres
  A centaur (D:6)
  A wyvern zombie (D:4)
  3 scorpions
  Dowan (D:6)
  11 wights
  A howler monkey (D:3)
  3 jellies
  A bullfrog zombie (D:6)
  7 hounds
  A gnoll shaman (D:4)
  2 orc priests (D:6)
  A bullfrog skeleton (D:5)
  2 iguanas (D:6)
  7 orc wizards
  A scorpion zombie (D:5)
  2 hound skeletons
  9 mummies
  3 adders
  28 gnolls
  An ufetubus (D:5)
  4 dart slugs
  32 orcs
  10 ball pythons
  6 endoplasms
  A giant cockroach (D:4)
  8 goblins
  8 hobgoblins
  13 jackals
  3 kobolds
  A quokka (D:3)
  4 bats
  2 frilled lizards
  A gnoll zombie (Ossuary)
  4 hobgoblin zombies
  3 kobold zombies
  2 orc zombies (Ossuary)
  3 rats
196 creatures vanquished.

Vanquished Creatures (others)
  5 toadstools (D:2)
5 creatures vanquished.

Grand Total: 201 creatures vanquished

Notes
Turn   | Place    | Note
-------+----------+-------------------------------------------
     0 | D:1      | SkeletonJelly the Troll Hedge Wizard began the quest for
                  | the Orb.
     0 | D:1      | Reached XP level 1. HP: 16/16 MP: 2/2
    51 | D:1      | Reached skill level 1 in Unarmed Combat
   122 | D:1      | Reached XP level 2. HP: 24/24 MP: 4/4
   142 | D:1      | Reached skill level 2 in Unarmed Combat
   500 | D:1      | Reached XP level 3. HP: 30/31 MP: 3/5
   916 | D:2      | Found a faded altar of an unknown god.
   965 | D:2      | Reached skill level 3 in Unarmed Combat
  1169 | D:2      | Reached XP level 4. HP: 37/39 MP: 4/6
  1215 | D:2      | Reached skill level 4 in Unarmed Combat
  1867 | D:3      | Reached XP level 5. HP: 45/45 MP: 7/7
  2092 | D:3      | Reached skill level 5 in Unarmed Combat
  2363 | D:3      | Reached XP level 6. HP: 53/53 MP: 8/8
  2374 | D:3      | Reached skill level 6 in Unarmed Combat
  2678 | D:3      | Reached skill level 7 in Unarmed Combat
  2755 | D:3      | Found an iron altar of Okawaru.
  2850 | D:3      | Reached XP level 7. HP: 46/59 MP: 9/9
  3102 | D:4      | Reached skill level 8 in Unarmed Combat
  3113 | D:4      | Reached skill level 1 in Conjurations
  3124 | D:4      | Learned a level 3 spell: Mephitic Cloud
  3233 | D:4      | Reached skill level 1 in Poison Magic
  3234 | D:4      | Reached skill level 1 in Air Magic
  3434 | D:4      | Identified the +1 robe "Saluclai" {*Corrode rElec rPois
                  | MP+9}
  3456 | D:4      | Found a sand-covered staircase.
  3464 | Ossuary  | Entered an ossuary
  3479 | Ossuary  | Learned a level 3 spell: Conjure Flame
  3684 | Ossuary  | Reached XP level 8. HP: 67/67 MP: 10/10
  3991 | D:5      | Entered Level 5 of the Dungeon
  4456 | D:5      | Found a stormy altar of Qazlal.
  5239 | D:6      | Noticed Edmund
  5460 | D:6      | Killed Edmund
  5527 | D:6      | Reached XP level 9. HP: 67/74 MP: 11/11
  5669 | D:6      | Found an ornate altar of the Wu Jian Council.
  5753 | D:6      | Noticed Dowan
  5755 | D:6      | Noticed Duvessa
  5760 | D:6      | Killed Dowan
  5768 | D:6      | Killed Duvessa
  6405 | D:7      | Slain by a wyvern

Illustrated notes

Levels and vault maps discovered:
D:1:      dpeg_arrival_round_c, layout_basic, minmay_misc_feat_five
D:2:      layout_basic, chequers_ecumenical_altar_simple, grunt_decor_arrowhead,
          minmay_gold_behind_fungi, minmay_surrounded
D:3:      lemuel_castle_with_subvaults [lemuel_castle_interior_carwin_1],
          layout_loops_cross, mainiacjoe_overflow_surrounded_room
D:4:      layout_rooms, nicolae_ossuary_entry_giza
D:5:      layout_layer_cave, lemuel_round_altar
D:6:      layout_rooms, lemuel_tele_altar, uniq_duvessa, uniq_edmund
D:7:      layout_cave_pools, mainiacjoe_overflow_two_lobes,
          minmay_temple_entry_glassed_door, uniq_prince_ribbit1

Skill      XL: |  1  2  3  4  5  6  7  8  9 |
---------------+----------------------------+-----
Unarmed Combat | 1 2 3 4 5 7 8 |  8.0
Conjurations   | 2 3 4 |  4.3
Poison Magic   | 1 3 4 |  4.1
Air Magic      | 1 3 |  3.7
Dodging        | |  1.5
Stealth        | |  1.0
Spellcasting   | |  2.0
Summonings     | |  0.6
Translocations | |  0.6
Evocations     | |  0.8

Action                   |  1- 3 |  4- 6 |  7- 9 || total
-------------------------+-------+-------+-------++-------
Melee: Unarmed           |    70 |   204 |   380 ||   654
       Punch             |     1 |     3 |    14 ||    18
 Cast: Magic Dart        |     3 |     3 |       ||     6
       Mephitic Cloud    |       |       |     9 ||     9
  Use: Scroll            |       |       |     9 ||     9
       Potion            |       |       |     1 ||     1
 Stab: Sleeping          |     2 |     1 |     1 ||     4
       Confused          |       |       |     6 ||     6
Armor: Robe              |    28 |    73 |   144 ||   245
       Skin              |       |       |    30 ||    30
Dodge: Dodged            |    30 |    81 |   163 ||   274

Table legend: (Time is in decaauts)
 A = Elapsed time spent in this place.
 B = Non-inter-level travel time spent in this place.
 C = Inter-level travel time spent in this place.
 D = Time resting spent in this place.
 E = Time spent auto-exploring this place.
 F = Levels seen in this place.
 G = Mean time per level.
                   A        B        C        D        E       F      G
               +--------+--------+--------+--------+--------+-----+--------+
         Total |   6332 |   5811 |    521 |     27 |   4158 |   8 |  791.5 |
       Dungeon |   5987 |   5466 |    521 |      4 |   3971 |   7 |  855.3 |
       Ossuary |    345 |    345 |      0 |     23 |    187 |   1 |  345.0 |
               +--------+--------+--------+--------+--------+-----+--------+

Top non-repeatable levels by time:
     D:5: 1210 daAuts
     D:3: 1178 daAuts
     D:1: 981 daAuts
     D:2: 908 daAuts
     D:6: 873 daAuts
     D:4: 535 daAuts
 Ossuary: 345 daAuts
     D:7: 301 daAuts
